 Dungeon Crawl Stone Soup version 0.29.1-12-g30fa7ad0bf (webtiles) character file.

Game seed: 1182675387314949905

16 sanboga the Trooper (level 2, -1/36 HPs)
             Began as a Demonspawn Berserker on Dec 13, 2022.
             Was a Follower of Trog.
             Slain by a jackal (2 damage)
             ... on level 1 of the Dungeon.
             The game lasted 00:00:56 (109 turns).

sanboga the Trooper (Demonspawn Berserker)           Turns: 109, Time: 00:00:57

Health: -1/36      AC:  2    Str: 17    XL:     2   Next: 37%
Magic:  2/2        EV: 12    Int:  8    God:    Trog [*.....]
Gold:   0          SH:  0    Dex: 12    Spells: 1/1 levels left

rFire   . . .      SeeInvis .     - Unarmed
rCold   . . .      Faith    .   (no shield)
rNeg    . . .      Spirit   .   a - +0 animal skin
rPois   .          Reflect  .   (no helmet)
rElec   .          Harm     .   (no cloak)
rCorr   .          Rampage  .   (no gloves)
Will    .....                   (no boots)
Stlth   ..........              (no amulet)
HPRegen 0.12/turn               (no ring)
MPRegen 0.08/turn               (no ring)

@: berserking (expiring), very quick
A: demonic touch 1
a: Renounce Religion, Berserk


You were on level 1 of the Dungeon.
You worshipped Trog.
Trog was aware of your devotion.
You visited 1 branch of the dungeon, and saw 1 of its levels.

Inventory:

Armour
 a - a +0 animal skin (worn)
Scrolls
 b - a scroll of summoning {unknown}
Potions
 c - 2 potions of curing {unknown}


   Skills:
 + Level 3.2 Fighting
 + Level 2.0 Armour
 - Level 1.7 Dodging
 * Level 3.1 Unarmed Combat


You had one spell level left.
You didn't know any spells.
Your spell library was empty.

Dungeon Overview and Level Annotations

Branches:
Dungeon (1/15)

Altars:


Innate Abilities, Weirdness & Mutations

Your touch may inflict minor irresistible damage on your foes.


Message History

The jackal misses you. The jackal closely misses you.
The hobgoblin barely misses you.
You punch the hobgoblin!
You kill the hobgoblin!
Trog accepts your kill. The jackal bites you.
The jackal bites you but does no damage.
You closely miss the ball python. The ball python bites you.
* * * LOW HITPOINT WARNING * * *
The ball python misses you. The jackal completely misses you.
You hit the endoplasm.
You touch the endoplasm.
You kill the endoplasm!
Trog accepts your kill. The jackal misses you. The jackal closely misses you.
You punch the ball python!
You kill the ball python!
Trog accepts your kill. The jackal bites you.
* * * LOW HITPOINT WARNING * * *
You hit the jackal.
The jackal is heavily wounded.
The jackal barely misses you. The jackal closely misses you.
You barely miss the jackal.
The jackal is heavily wounded.
The jackal completely misses you. The jackal closely misses you.
You barely miss the jackal.
The jackal is heavily wounded.
The jackal closely misses you. The jackal bites you.
* * * LOW HITPOINT WARNING * * *
You barely miss the jackal.
The jackal is heavily wounded.
The jackal bites you.
* * * LOW HITPOINT WARNING * * *
The jackal barely misses you.
You closely miss the jackal.
The jackal is heavily wounded.
The jackal bites you.
* * * LOW HITPOINT WARNING * * *
The jackal bites you.
You die...

.. .......... #.# #.........
..###.........
##..##.........
....#......... #..##........
#..##h†......
#######....@.......
#......##..h.......
#......##.)........
#......###......... #......#
#..........#.#.#.#
#......####....[....#...#.#
#.......####...........#..##
#............###...###...###
#......###...#.............#


You could see 2 jackals.

Vanquished Creatures
  A ball python (D:1)
  2 endoplasms (D:1)
  3 hobgoblins (D:1)
  A jackal (D:1)
  2 kobolds (D:1)
  A quokka (D:1)
  A frilled lizard (D:1)
  2 rats (D:1)
13 creatures vanquished.

Notes
Turn   | Place    | Note
-------+----------+-------------------------------------------
     0 | D:1      | sanboga the Demonspawn Berserker began the quest for the
                  | Orb.
     0 | D:1      | Reached XP level 1. HP: 18/18 MP: 1/1
    96 | D:1      | Discovered your monstrous ancestry.
    96 | D:1      | Gained mutation: Your touch may inflict minor irresistible
                  | damage on your foes. [demonic ancestry]
    96 | D:1      | Reached XP level 2. HP: 21/24 MP: 2/2
   109 | D:1      | HP: 1/36 [jackal (2)]
   109 | D:1      | Slain by a jackal

Illustrated notes

Levels and vault maps discovered:
D:1:      minmay_arrival_open_corners, layout_rooms

Skill      XL: |  1 |
---------------+----+-----
Armour         | 2 |  2.0
Unarmed Combat | 3 |  3.1
Fighting       | |  3.2
Dodging        | |  1.7

Action                   || total
-------------------------++-------
Melee: Unarmed           ||    33
       Touch             ||     1
       Punch             ||     1
Invok: Berserk           ||     1
Armor: Animal skin       ||     7
Dodge: Dodged            ||    39
